Unix NetHack Version 5.0.0-0 post-release - last build May 23 2026 06:08:33 (1c0ff79ee797540d5714e4e18072db0edd9e58ae,branch:main).

Game began 2026-05-25 13:10:13, ended 2026-05-25 15:28:11.

Japes, lawful female human Valkyrie

                                        ---------#   -------       -----------
                                        |........#  #.......#      |.........|
                                        |.......|#  #|.....|#######..........|
                                        |.......|#  #|....<|#      |.........|
                                       #d.......|#  #|.....|#      |.........|
                                       @|.......|#  #-------0######..........|
                                       j---------########%###      |.........|
                                                 #  ##      #      --------|--
                                                 #   ##     #              #
                                                 #    #     #              #
                                                ##    #     #        #######
                                                #     #     # ## #####
                                                #     #     #--|-.-----
                                              ###     #     #......(..|
                                              #-------#      |........|
                                              #-.....|#      |..>.....|
                                               |.....-#      ----------
                                               |.....|
                                               -------

Japes the Skirmisher        St:18/02 Dx:14 Co:15 In:9 Wi:11 Ch:10  Lawful
Dlvl:7  $:176 HP:0(39) Pw:9(9) AC:0  Xp:5/312 T:2895  Satiated Burdened

Latest messages:
 You feel purified.
 You see here a werewolf corpse.
 The door opens.
 KABOOM!!  The door was booby-trapped!
 You stagger...
 You feel a bit steadier now.
 You hear a door open.
 What do you want to drink? [muwAL-NY or ?*]
 You feel better.
 You hear some noises in the distance.
 You swap places with your dog.
 You hear someone counting gold coins.
 The ape misses!
 The ape hits!
 The ape misses!
 You hit the ape!
 The ape hits!
 The ape just misses!
 The ape misses!
 You kill the ape!
 There is a doorway here.
 You see here an ape corpse.
 There is an ape corpse here; eat it? [ynq] (n)
 This ape corpse tastes terrible!
 You finish eating the ape corpse.
 You see here 7 darts.
 You learn more about your items by comparing them.
 You have a little trouble lifting q - 7 uncursed darts (25 in total).
 You find a hidden door.
 The door resists!
 The door resists!
 The door opens.
 You see here an orange potion.
 You have a little trouble lifting e - an orange potion.
 You hear someone counting gold coins.
 You hear some noises in the distance.
 You hear some noises in the distance.
 You find a hidden door.
 This door is locked.
 Unlock it with your lock pick? [ynq] (q)
 You succeed in picking the lock.
 The door opens.
 You hit the spotted jelly!
 You hit the spotted jelly!
 You are splashed by the spotted jelly's acid!
 You hit the spotted jelly!
 You are splashed by the spotted jelly's acid!
 You die...
 Do you want your possessions identified? [ynq] (y)
 Do you want to see your attributes? [ynq] (y)

Inventory:
 Coins    ('$')
  $ - 176 gold pieces
 Weapons  (')')
  f - 4 +1 darts
  q - 25 +0 darts
  b - a +0 dagger (alternate weapon; not wielded)
  j - 2 +0 orcish daggers
  a - a blessed +4 spear (weapon in right hand)
 Armor    ('[')
  h - an uncursed +0 orcish helm (being worn)
  R - an uncursed +0 pair of iron shoes (being worn)
  c - an uncursed +3 small shield (being worn)
  G - an uncursed +0 studded leather armor (being worn)
 Comestibles  ('%')
  d - 3 uncursed food rations
  T - an uncursed fortune cookie
  p - an uncursed egg
 Scrolls  ('?')
  I - 2 uncursed scrolls of blank paper
  H - a cursed scroll of blank paper
  F - a cursed scroll of enchant weapon
 Spellbooks  ('+')
  v - an uncursed spellbook of blank paper
  o - an uncursed spellbook of chain lightning
  Z - an uncursed spellbook of confuse monster
  B - an uncursed spellbook of cure blindness
 Potions  ('!')
  A - an uncursed potion of extra healing
  M - an uncursed potion of gain energy
  Y - 2 blessed potions of healing
  w - an uncursed potion of healing
  L - 3 cursed potions of healing
  N - an uncursed potion of levitation
  e - an uncursed potion of object detection
  m - an uncursed potion of paralysis
  u - 2 potions of holy water
 Rings    ('=')
  P - a blessed +3 ring of gain strength (on right hand)
 Wands    ('/')
  k - a wand of teleportation (0:4)
 Tools    ('(')
  r - an uncursed lock pick
  y - an uncursed tin whistle
 Gems/Stones  ('*')
  x - 2 uncursed jade stones

Japes the Valkyrie's attributes:

Background:
 You were a Skirmisher, a level 5 human Valkyrie.
 You were lawful, on a mission for Tyr
 who was opposed by Odin (neutral) and Loki (chaotic).
 You were right-handed.
 You were in the Dungeons of Doom, on level 7.
 You entered the dungeon 2895 turns ago.
 You had 312 experience points, 8 more were needed to attain level 6.

Basics:
 You had 0 out of 39 hit points.
 You had all 9 energy points (spell power).
 Your armor class was 0.
 Your wallet contained 176 zorkmids.
 Autopickup was on for '$' plus thrown.

Final Characteristics:
 Your strength was 18/02 (base:17, limit:18/100).
 Your dexterity was 14 (limit:18).
 Your constitution was 15 (limit:18).
 Your intelligence was 9 (limit:18).
 Your wisdom was 11 (limit:18).
 Your charisma was 10 (limit:18).

Final Status:
 You were satiated.
 You were burdened; movement was slightly slowed.
 You were wielding a spear.
 You had basic skill with spear and could have enhanced that.

Final Attributes:
 You were piously aligned.
 You were cold resistant.
 You were telepathic.
 You were stealthy.
 You were warded.
 You are dead.

Miscellaneous:
 You didn't encounter any bones levels.
 Total elapsed playing time was 47 minutes and 52 seconds.

Major events:
 Turn
    1: Japes the lawful human Valkyrie entered the dungeon
  433: entered the Gnomish Mines
  446: attained the rank of Skirmisher (level 3)
 2895: killed by a spotted jelly

You didn't know any spells.

Skills:
 Fighting Skills
   bare handed combat [Unskilled]
   two weapon combat  [Unskilled]
   riding             [Unskilled]
 Weapon Skills
   dagger             [Basic]
   axe                [Unskilled]
   pick-axe           [Unskilled]
   short sword        [Unskilled]
   broadsword         [Unskilled]
   long sword         [Unskilled]
   two-handed sword   [Unskilled]
   saber              [Unskilled]
   hammer             [Unskilled]
   quarterstaff       [Unskilled]
   polearms           [Unskilled]
   spear              [Basic]
   trident            [Unskilled]
   lance              [Unskilled]
   sling              [Unskilled]
 Spellcasting Skills
   attack spells      [Unskilled]
   escape spells      [Unskilled]

Voluntary challenges:
 Character rerolling was not enabled.
 You never genocided any monsters.
 You never polymorphed an object.
 You never changed form.
 You used no wishes.
Achievements:
 You entered the Gnomish Mines.
 You attained the rank of Skirmisher.
 You entered a shop.

 The Dungeons of Doom: levels 1 to 8
    Level 1:
       A fountain.
    Level 2:
       A potion shop, a fountain.
       Stairs down to The Gnomish Mines.
    Level 3:
       A sink.
    Level 4:
       A grave.
    Level 5:
       A sink.
    Level 6:
       A potion shop, many altars, a fountain.
    Level 7: <- You were here.
       Final resting place for
          you, killed by a spotted jelly.
    Level 8:
 The Gnomish Mines:
    Level 3:


Vanquished creatures:
  a werewolf
  a dingo
 an ape
  a rock mole
  a violet fungus
  a gnome leader
  a paper golem
  a giant ant
  3 floating eyes
  a dwarf
  2 homunculi
  3 hill orcs
  a rothe
  2 wererats
  2 iguanas
  5 gnomes
  5 jackals
  a kobold
  4 goblins
  3 sewer rats
  a lichen
  3 kobold zombies
  5 newts
49 creatures vanquished.

No species were genocided or became extinct.

Game over:
                       ----------
                      /          \
                     /    REST    \
                    /      IN      \
                   /     PEACE      \
                  /                  \
                  |      Japes       |
                  |      176 Au      |
                  |   killed by a    |
                  |  spotted jelly   |
                  |                  |
                  |                  |
                  |       2026       |
                 *|     *  *  *      | *
        _________)/\\_//(\/(/\)/\//\/|_)_______

Farvel Japes the Valkyrie...

You died in The Dungeons of Doom on dungeon level 7 with 1787 points,
and 176 pieces of gold, after 2895 moves.
You were level 5 with a maximum of 39 hit points when you died.

